 Dungeon Crawl Stone Soup version 0.25-a0-287-g56a5b49892 (webtiles) character file.

Game seed: 15202208707814715255, levelgen mode: deterministic

31 Esekla the Skirmisher (level 3, -3/22 HPs)
             Began as a Deep Elf Abyssal Knight on Dec 12, 2019.
             Was a Follower of Lugonu.
             Killed by nerve-wracking pain
             ... invoked by Jessica
              (11 damage)
             ... on level 2 of the Dungeon.
             The game lasted 00:10:02 (1421 turns).

Esekla the Skirmisher (Deep Elf Abyssal Knight)     Turns: 1421, Time: 00:10:03

Health: -3/22      AC:  3    Str:  9    XL:     3   Next: 7%
Magic:  6/6        EV: 12    Int: 16    God:    Lugonu [*.....]
Gold:   45         SH:  0    Dex: 15    Spells: 2/2 levels left

rFire    . . .     SeeInvis +   a - +1 falchion
rCold    . . .     Gourm    .   (no shield)
rNeg     . . .     Faith    .   b - +0 leather armour
rPois    .         Spirit   .   (no helmet)
rElec    .         Reflect  .   (no cloak)
rCorr    .         Harm     .   (no gloves)
MR       .....                  (no boots)
Stlth    +.........             (no amulet)
HPRegen  0.07/turn              n - ring of see invisible
MPRegen  0.10/turn              (no ring)

@: slowed, very slow
A: no striking features
a: Depart the Abyss, Renounce Religion


You were on level 2 of the Dungeon.
You worshipped Lugonu.
Lugonu was aware of your devotion.
You were hungry.

You visited 1 branch of the dungeon, and saw 3 of its levels.
You visited the Abyss 1 time.

You collected 45 gold pieces.

Inventory:

Hand Weapons
 a - a +1 falchion (weapon)
Armour
 b - a +0 leather armour (worn)
Jewellery
 n - a ring of see invisible (left hand)
Wands
 d - a wand of random effects (23)
Scrolls
 e - a scroll of noise {unknown}
 g - a scroll of enchant armour {unknown}
 h - 3 scrolls of enchant weapon {unknown}
 j - a scroll of remove curse {unknown}
 k - a scroll of identify {unknown}
 l - a scroll of teleportation {unknown}
Potions
 f - a potion of heal wounds {unknown}
 i - a potion of curing {unknown}
 m - 2 potions of flight {unknown}
Comestibles
 c - a ration


   Skills:
 + Level 2.7 Fighting
 * Level 2.6 Long Blades
 + Level 1.0 Armour
 + Level 2.6 Dodging
 * Level 0.4 Spellcasting
 + Level 2.0 Invocations


You had 2 spell levels left.
You didn't know any spells.
Your spell library contained the following spells:

 Spells                   Type           Power        Failure   Level  Hunger
 Corpse Rot               Necr/Air       N/A          45%         2    ###....
 Sublimation of Blood     Necr           #.........   45%         2    ###....
 Agony                    Necr           #.......     100%        5    ######.
 Dispel Undead            Necr           #.......     100%        5    ######.
 Excruciating Wounds      Chrm/Necr      #.........   100%        5    ######.


Dungeon Overview and Level Annotations

Branches:
Dungeon (3/15)

Altars:

Annotations:
D:1 Robin
D:2 Jessica


Message History

Jessica gestures wildly while chanting.
Jessica blinks!
You start resting.
Jessica is too close now for your liking.
Jessica mumbles some strange words.
Jessica blinks!
Jessica hits you with a +0 dagger.
You hit Jessica.
Jessica is almost dead.
Jessica hits you with a +0 dagger. Jessica hits you but does no damage.
You barely miss Jessica.
Jessica is almost dead.
Jessica mumbles some strange words.
Jessica blinks!
Jessica points at you and mumbles some strange words.
You feel yourself slow down. Jessica gestures at you while chanting.
Pain shoots through your body!
Ouch! That really hurt!
You die...

###.....................#
###.....................#
........................# ######
###########.####........###..[.##
#>.....................
###)####........###....##
#...............###....##
#..................รท.....
#.......@##########....##
#........# #....# #........####
#........ #...........# #........
#........@..# #........
#######.....# #.......) #.....#
#........ #..)..# #####....
#.....# #....


You could see Jessica.

Vanquished Creatures
  A worm (D:2)
  An orc (D:2)
  2 bats
  6 goblins (D:2)
  8 jackals
  A kobold (D:1)
  2 frilled lizards (D:1)
  2 rats (D:1)
23 creatures vanquished.

Notes
Turn   | Place    | Note
-------+----------+-------------------------------------------
     0 | Abyss:1  | Esekla the Deep Elf Abyssal Knight began the quest for the
                  | Orb.
     0 | Abyss:1  | Reached XP level 1. HP: 13/13 MP: 4/4
    65 | Abyss:2  | Noticed a quasit
    66 | Abyss:3  | Noticed a killer bee
    66 | Abyss:3  | Noticed a meliai
    66 | Abyss:3  | Noticed a meliai
    66 | Abyss:3  | Noticed a green very ugly thing
    66 | Abyss:3  | Noticed a meliai
    66 | Abyss:3  | Noticed a wretched star
    66 | Abyss:3  | Noticed a green very ugly thing
    66 | Abyss:3  | Noticed a killer bee
    67 | D:1      | Escaped the Abyss
   274 | D:1      | Reached XP level 2. HP: 18/18 MP: 5/5
   468 | D:2      | Noticed Robin
   785 | D:2      | Reached * piety under Lugonu
  1229 | D:2      | Reached skill level 1 in Armour
  1235 | D:2      | Reached XP level 3. HP: 15/22 MP: 6/6
  1241 | D:2      | Noticed Jessica
  1421 | D:2      | Killed from afar by Jessica

Levels and vault maps discovered:
D:1:      dpeg_arrival_shrine, layout_loops_ring
D:2:      layout_basic, first_ration, uniq_jessica, uniq_robin
D:3:      layout_basic, chequers_ecumenical_altar_simple_redux, uniq_natasha

Skill      XL: |  1  2 |
---------------+-------+-----
Long Blades    | 2 |  2.6
Armour         | 1 |  1.0
Fighting       | |  2.7
Dodging        | |  2.6
Spellcasting   | |  0.4
Invocations    | |  2.0

Action                   || total
-------------------------++-------
Melee: Falchion          ||   102
Invok: Depart the Abyss  ||     1
  Eat: Chunk             ||     1
Armor: Leather armour    ||    26
Dodge: Dodged            ||    64
       Rpst.: Falchion   ||    14

Table legend:
 A = Non-vault XP
 B = Vault XP
 C = Vault XP percentage of total XP
 D = Non-vault monster count
 E = Vault monster count
 F = Vault count percentage of total count
                 A         B        C        D         E       F
            +---------+---------+-------+---------+---------+-------
      Total |      37 |       8 |  17.8 |      19 |       4 |  17.4
            +---------+---------+-------+---------+---------+-------
        D:1 |      16 |       0 |   0.0 |      10 |       0 |   0.0
        D:2 |      21 |       8 |  27.6 |       9 |       4 |  30.8
            +---------+---------+-------+---------+---------+-------
